 Dungeon Crawl Stone Soup version 0.20.1-1-g8b1a95d (webtiles) character file.

187 Marthos the Ogre Mage (level 5, -1/50 HPs)
             Began as an Ogre Wizard on Dec 6, 2017.
             Was an Initiate of Cheibriados.
             Slain by a crimson imp (2 damage)
             ... summoned by Natasha
             ... on level 3 of the Dungeon.
             The game lasted 00:05:47 (2999 turns).

Marthos the Ogre Mage (Ogre Wizard)                 Turns: 2999, Time: 00:05:48

Health: -1/50      AC:  3    Str: 12    XL:     5   Next: 66%
Magic:  1/12       EV: 10    Int: 21    God:    Cheibriados [......]
Gold:   129        SH:  0    Dex:  8    Spells: 9/14 levels left

rFire    . . .     SeeInvis .   f - -1 short sword (curse)
rCold    . . .     Gourm    .   (no shield)
rNeg     . . .     Faith    .   a - +0 robe
rPois    .         Spirit   .   b - +0 hat
rElec    .         Reflect  .   (no cloak)
rCorr    .         Harm     .   (gloves unavailable)
MR       .....                  (boots unavailable)
Stlth    +.........             (no amulet)
Regen    0.2/turn               (no ring)
MPRegen  0.2/turn               (no ring)

@: slowed, very slow
A: unfitting armour, tough skin 1
a: Bend Time, Renounce Religion


You were on level 3 of the Dungeon.
You worshipped Cheibriados.
Cheibriados was noncommittal.
You were not hungry.

You visited 1 branch of the dungeon, and saw 3 of its levels.

You collected 129 gold pieces.

Inventory:

Hand Weapons
 f - a cursed -1 short sword (weapon)
 v - a +0 war axe
Armour
 a - a +0 robe (worn)
 b - a +0 hat (worn)
Scrolls
 g - a scroll of remove curse {unknown}
 h - 9 scrolls of identify {unknown}
 i - 3 scrolls of enchant armour {unknown}
 j - 3 scrolls of teleportation {unknown}
 n - a scroll of noise {unknown}
 p - 2 scrolls of enchant weapon {unknown}
Potions
 e - 2 potions of heal wounds {unknown}
 k - 2 potions of resistance {unknown}
 m - 2 potions of might {unknown}
 q - a potion of flight {unknown}
 r - 2 potions of curing
 s - a potion of haste {unknown}
 u - 2 potions of invisibility {unknown}
Books
 c - a book of Minor Magic

   Spells                             Type                      Level
   a - Magic Dart                     Conjuration                  1
   b - Blink                          Translocation                2
   c - Call Imp                       Summoning                    2
   d - Slow                           Hexes                        2
   e - Conjure Flame                  Conjuration/Fire             3
   f - Mephitic Cloud                 Conjuration/Poison/Air       3
Comestibles
 d - 4 bread rations
 l - a meat ration
 o - 2 chunks of flesh
 t - a royal jelly


   Skills:
 + Level 2.6 Fighting
 - Level 1.7 Dodging
 - Level 1.4 Stealth
 * Level 5.2 Spellcasting
 * Level 3.1 Conjurations
 - Level 0.8 Summonings
 - Level 0.8 Translocations


You had 9 spell levels left.
You knew the following spells:

 Your Spells              Type           Power        Failure   Level  Hunger
a - Magic Dart            Conj           ###.         3%          1    None
b - Blink                 Tloc           N/A          11%         2    None
c - Call Imp              Summ           #.......     11%         2    None


Dungeon Overview and Level Annotations

Branches:
Dungeon (3/15)

Altars:
Cheibriados

Annotations:
D:3 Natasha


Innate Abilities, Weirdness & Mutations

You are too large for most types of armour.
You have tough skin. (AC +1)


Message History

Natasha writhes in agony!
Natasha claws your shadow imp.
The white imp hits you but does no damage.
Your shadow imp closely misses Natasha.
Unknown command.
You closely miss Natasha.
Natasha is almost dead.
The white imp closely misses you. Natasha claws you.
The crimson imp hits you but does no damage.
Your crimson imp hits the crimson imp but does no damage.
Your shadow imp closely misses Natasha.
The crimson imp blinks!
The white imp hits you.
* * * LOW HITPOINT WARNING * * *
The white imp freezes you.
* * * LOW HITPOINT WARNING * * *
Natasha stares at you and mumbles some strange words.
The magic dart hits you!
* * * LOW HITPOINT WARNING * * *
The crimson imp shouts, "Get thee gone, thou fulsome beef-witted jarkman!"
The crimson imp hits you.
You die...

....... .................
.......# #......<........
.........##.#.....#.......
...........................
.........#...........#.....
.........#............#....
.........†$.......#.....#..
.........55..####..##......
#....§5..h@### ##....(..).
#..5.....5## ######....
#........# #.......
#.......## #.......
#.......# #..#....
######### #.###... ... #...
.. #.#. #.


You could see Natasha, 2 crimson imps, a white imp, a friendly crimson imp and a
friendly shadow imp.

Vanquished Creatures
  Natasha (D:3)
  6 adders
  2 worms
  A leopard gecko (D:1)
  8 bats
  5 giant cockroaches
  6 goblins
  5 hobgoblins
  2 jackals (D:1)
  7 kobolds
  A quokka (D:2)
  3 ball pythons
  2 frilled lizards
  6 rats
55 creatures vanquished.

Vanquished Creatures (collateral kills)
  Ijyb (D:3)
  Terence (D:3)
  Natasha (D:3)
  An adder (D:3)
  A worm (D:3)
  A giant cockroach (D:3)
  2 hobgoblins (D:3)
  2 kobolds (D:3)
10 creatures vanquished.

Grand Total: 65 creatures vanquished

Notes
Turn   | Place    | Note
-------+----------+-------------------------------------------
     0 | D:1      | Marthos the Ogre Wizard began the quest for the Orb.
     0 | D:1      | Reached XP level 1. HP: 16/16 MP: 5/5
    93 | D:1      | Reached skill level 1 in Conjurations
   210 | D:1      | Reached XP level 2. HP: 5/26 MP: 1/6
   614 | D:1      | Reached skill level 1 in Fighting
   794 | D:1      | Reached skill level 4 in Spellcasting
   858 | D:1      | Reached XP level 3. HP: 33/33 MP: 2/8
  1680 | D:2      | Reached XP level 4. HP: 42/42 MP: 3/10
  2588 | D:2      | Learned a level 2 spell: Blink
  2591 | D:2      | Learned a level 2 spell: Call Imp
  2612 | D:3      | Noticed Natasha
  2621 | D:3      | Killed Natasha
  2621 | D:3      | Reached XP level 5. HP: 29/49 MP: 3/12
  2708 | D:3      | Found a snail-covered altar of Cheibriados.
  2756 | D:3      | Became a worshipper of Cheibriados the Contemplative
  2806 | D:3      | Noticed Ijyb
  2844 | D:3      | Killed Ijyb
  2844 | D:3      | Reached skill level 5 in Spellcasting
  2882 | D:3      | Noticed Natasha
  2885 | D:3      | Killed Natasha
  2969 | D:3      | Noticed Terence
  2983 | D:3      | Killed Terence
  2987 | D:3      | Noticed Natasha
  2999 | D:3      | HP: 1/50 [Natasha/magic dart (10)]
  2999 | D:3      | Slain by a crimson imp

Skill      XL: |  1  2  3  4  5 |
---------------+----------------+-----
Conjurations   | 1 2 3 |  3.1
Fighting       | 1 2 |  2.6
Spellcasting   | 4 5 |  5.2
Dodging        | |  1.7
Stealth        | |  1.4
Summonings     | |  0.8
Translocations | |  0.8

Action                   |  1- 3 |  4- 6 || total
-------------------------+-------+-------++-------
Melee: Short sword       |    25 |    36 ||    61
 Cast: Magic Dart        |    74 |    63 ||   137
       Call Imp          |       |    13 ||    13
       Blink             |       |     1 ||     1
  Eat: Chunk             |     2 |     4 ||     6
Armor: Robe              |    15 |    15 ||    30
Dodge: Dodged            |    27 |    56 ||    83
